 Dungeon Crawl Stone Soup version 0.31-a0-986-g5e6e4ef867 (webtiles) character file.

Game seed: 4163079239902927017

3678 Dordric the Grappler (level 9, -5/75 HPs)
             Began as a Troll Shapeshifter on Nov 7, 2023.
             Was an Initiate of Makhleb.
             Slain by Erica
             ... wielding a +4 scimitar of flaming
              (14 damage)
             ... on level 8 of the Dungeon.
             The game lasted 00:09:18 (6194 turns).

Dordric the Grappler (Troll Shapeshifter)           Turns: 6194, Time: 00:09:19

Health: -5/75      AC:  5    Str: 26    XL:     9   Next: 90%
Magic:  8/8        EV: 10    Int:  4    God:    Makhleb [......]
Gold:   569        SH:  0    Dex: 17    Spells: 8/8 levels left

rFire   x .          .
                       - Unarmed
rCold   . . .        (shield currently unavailable)
rNeg    . . .        A - +0 troll leather armour
rPois   .            (helmet restricted)
rElec   .            E - scarf {repulsion}
rCorr   .            (gloves unavailable)
SInv    .            (boots unavailable)
Will    .....        (no amulet)
Stlth   +            u - +6 ring of dexterity
HPRegen 1.92/turn    N - +4 ring of slaying
MPRegen 0.11/turn

%: repel missiles
@: confused, lethally poisoned (-5 -> -5), flux-form, slowed, glowing, very slow
A: glow, contaminating, large, unfitting armour, claws 3, regeneration 1, shaggy
fur 1, tough skin 1, large bone plates 1, dopey 1, heat vulnerability 1
a: Begin Untransformation, Renounce Religion


You were on level 8 of the Dungeon.
You worshipped Makhleb.
Makhleb was noncommittal.
You were something dangerously unstable.
You visited 2 branches of the dungeon, and saw 10 of its levels.
You also visited: Sewer.

You collected 569 gold pieces.

Inventory:

Missiles
 m - 4 throwing nets
Armour
 a - a +0 animal skin
 y - a +0 cloak
 A - a +0 troll leather armour (worn)
 D - +0 acid dragon scales
 E - a scarf of repulsion (worn)
Jewellery
 u - a +6 ring of dexterity (left claw)
 N - a +4 ring of slaying (right claw)
Talismans
 c - a beast talisman
 d - a flux talisman (active)
 L - a maw talisman
Wands
 g - a wand of iceblast (6)
 o - a wand of mindburst (5)
 p - a wand of polymorph (2)
 t - a wand of flame (21)
 F - a wand of light (6)
 J - a wand of digging (7)
Scrolls
 f - 6 scrolls of enchant armour
 h - 3 scrolls of brand weapon
 i - 4 scrolls of teleportation
 j - 2 scrolls of noise
 n - 5 scrolls of poison
 q - 6 scrolls of enchant weapon
 r - 2 scrolls of fog
 s - a scroll of revelation
 w - a scroll of summoning
 x - a scroll of fear
 K - a scroll of blinking
Potions
 b - 3 potions of lignification
 e - 3 potions of brilliance
 k - a potion of haste {unknown}
 l - 3 potions of heal wounds
 z - 2 potions of invisibility {unknown}
 B - a potion of magic {unknown}
 C - a potion of enlightenment {unknown}
 G - 3 potions of might
 H - a potion of curing
 I - a potion of ambrosia {unknown}
 M - 2 potions of degeneration {unknown}


   Skills:
 - Level 0.7 Fighting
 - Level 1.5 Dodging
 + Level 12.7 Unarmed Combat
 + Level 7.1 Shapeshifting


You had 8 spell levels left.
You didn't know any spells.
Your spell library contained the following spells:

 Spells                   Type           Power      Damage    Failure   Level
 Freeze                   Ice            0%         1d3       54%         1
 Sting                    Tmut/Pois      0%         1d3       54%         1
 Poisonous Vapours        Pois/Air       0%         N/A       69%         2
 Frozen Ramparts          Ice            0%         1d1       89%         3
 Hailstorm                Conj/Ice       0%         3d3       89%         3
 Animate Dead             Necr           0%         N/A       100%        4
 Leda's Liquefaction      Hex/Erth       0%         N/A       100%        4
 Olgreb's Toxic Radiance  Pois           0%         N/A       100%        4
 Petrify                  Tmut/Erth      0%         N/A       100%        4
 Lee's Rapid Deconstruct  Erth           0%         3d4*      100%        5
 Metabolic Englaciation   Hex/Ice        0%         N/A       100%        5
 Bombard                  Conj/Erth      0%         9d1       100%        6
 Haunt                    Necr/Summ      0%         N/A       100%        7
 Infestation              Necr           0%         N/A       100%        8


Dungeon Overview and Level Annotations

Branches:
Dungeon (9/15)             Temple (1/1) D:7           Sewer (visited)
   Lair: D:8-11         Orc: D:9-12

Altars:
Ashenzari
Cheibriados
Dithmenos
Elyvilon
Gozag
Hepliaklqana
Kikubaaqudgha
Makhleb
Nemelex Xobeh
Okawaru
Ru
Sif Muna
Trog
Uskayaw
Vehumet
Wu Jian
Xom
Yredelemnul
Zin
The Shining One

Shops:
D:4 =   D:6 [   D:8 *   D:9 (

Annotations:
D:8 Erica


Innate Abilities, Weirdness & Mutations

You are something dangerously unstable.
You glow with magical radiation, making you easy to see and hit.
Foes you strike become dangerously contaminated with magical radiation.
You are incapable of wielding weapons or throwing items.
You are too large for most types of armour.
You have claws for hands.
Your natural rate of healing is unusually fast.
You are covered in fur. (AC +1)
You have tough skin. (AC +1)
You are partially covered in large bone plates. (SH +4)
You are dopey. (Int -2)
You are vulnerable to heat. (rF-)


Message History

You are too injured to fight recklessly!
You are too injured to fight recklessly!
You are too injured to fight recklessly!
You are too injured to fight recklessly!
You are too injured to fight recklessly!
You scratch Erica but do no damage.
Erica shudders as magic cascades through her!!
Erica twists and deforms.
You feel sick. Something hits you. Something burns you.
Deactivating autopickup; reactivate with Ctrl-A.
You closely miss something.
You feel sick. Something completely misses you.
You hear some strange, mumbled words.
Something tries to affect you, but you resist.
You miss something.
You feel sick.
You hear some strange, mumbled words.
Something tries to affect you, but you resist.
You scratch something.
Erica begins to glow.
Erica is almost dead.
You feel sick.
You are no longer poisoned.
Erica gestures at you while chanting. The bolt of poison hits you!
You are poisoned.
* * * LOW HITPOINT WARNING * * *
You scratch Erica.
Erica glows dangerously bright.
Erica is almost dead.
You feel very sick. Erica casts a spell at you.
You are confused.
You barely miss Erica.
Erica is almost dead.
You feel sick.
Erica hits you with a +4 scimitar of flaming!
* * * LOW HITPOINT WARNING * * *
Erica burns you.
* * * LOW HITPOINT WARNING * * *
You feel sick.
Erica hits you with a +4 scimitar of flaming!
You die...
Erica begins laughing uncontrollably.

?.. #.#†......<......# #..... .#
#.###..#........####.# #..>## .#
#......#........# #.>.#..## .#
###.##.#.......(######.##..## .#
#.##...##.................# .#
#.####.###..######. ##.....
.######.# #.# #..# #.###.(....
........# #.# #..#####.##....∩##
.....#######.###p...........#.###
.###...........@$.............# #
.# #########....#......##...### #
## ####...####.###.## # ##### #.#
#.# # #.# #.# ##### #.# #.# ....#
#.# #.# #.#.# #.#


You could see Erica (invisible, heavy contam, misshapen).

Vanquished Creatures
  A gargoyle (D:9)
  A troll (D:9)
  Sigmund (D:3)
  2 wyverns (D:9)
  A steam dragon (D:9)
  An acid dragon (D:9)
  A water moccasin (D:7)
  Duvessa (D:7)
  An ice beast (D:6)
  4 sky beasts
  2 ogres
  An orc warrior (D:9)
  3 centaurs
  2 phantoms (D:6)
  4 bullfrogs
  A scorpion (D:4)
  Dowan (D:7)
  A jelly (D:5)
  3 orc priests
  3 hounds (D:6)
  Natasha (D:2)
  4 iguanas
  7 orc wizards
  9 adders
  3 river rats (Sewer)
  A shadow imp (D:6)
  4 worms
  5 dart slugs
  18 orcs
  16 ball pythons
  11 bats
  12 endoplasms
  6 giant cockroaches
  8 goblins
  14 hobgoblins
  11 jackals (D:1)
  4 quokkas
  4 frilled lizards
  9 kobolds
  34 rats
216 creatures vanquished.

Notes
Turn   | Place    | Note
-------+----------+-------------------------------------------
     0 | D:1      | Dordric the Troll Shapeshifter began the quest for the Orb.
     0 | D:1      | Reached XP level 1. HP: 18/18 MP: 0/0
    56 | D:1      | Reached XP level 2. HP: 24/26 MP: 1/1
   428 | D:1      | Found a faded altar of an unknown god.
   456 | D:1      | Reached XP level 3. HP: 32/32 MP: 2/2
   975 | D:2      | Reached skill level 4 in Unarmed Combat
  1119 | D:2      | Reached XP level 4. HP: 37/40 MP: 3/3
  1294 | D:2      | Noticed Natasha
  1303 | D:2      | Killed Natasha
  1741 | D:3      | Noticed Sigmund
  1747 | D:3      | Killed Sigmund
  1748 | D:3      | Reached skill level 5 in Unarmed Combat
  1748 | D:3      | Reached skill level 5 in Shapeshifting
  1748 | D:3      | Reached XP level 5. HP: 46/46 MP: 4/4
  1748 | D:3      | Reached XP level 6. HP: 54/54 MP: 5/5
  2295 | D:4      | Found Itsoqusm's One-of-a-Kind Rings.
  2609 | D:4      | Reached skill level 6 in Unarmed Combat
  2609 | D:4      | Reached XP level 7. HP: 23/61 MP: 6/6
  2821 | D:5      | Identified the of Heasox
  2821 | D:5      | Entered Level 5 of the Dungeon
  2955 | D:5      | Found a bloodstained altar of Trog.
  3163 | D:5      | Found a glowing drain.
  3167 | Sewer    | Entered a sewer
  3345 | Sewer    | Reached skill level 7 in Unarmed Combat
  3436 | Sewer    | Reached XP level 8. HP: 21/68 MP: 7/7
  3509 | Sewer    | Gained mutation: You are dopey. (Int -2) [potion of
                  | mutation]
  3509 | Sewer    | Gained mutation: You heal very quickly. [potion of
                  | mutation]
  3509 | Sewer    | Gained mutation: You have a pair of small horns on your
                  | head. [potion of mutation]
  3509 | Sewer    | Gained mutation: Your flesh is heat resistant. (rF+)
                  | [potion of mutation]
  4239 | D:6      | Reached skill level 8 in Unarmed Combat
  4355 | D:6      | Found Ucycits's Antique Armour Boutique.
  4750 | D:7      | Noticed Duvessa
  4750 | D:7      | Noticed Dowan
  4757 | D:7      | Killed Dowan
  4763 | D:7      | Killed Duvessa
  4764 | D:7      | Reached skill level 9 in Unarmed Combat
  4830 | D:7      | Found a staircase to the Ecumenical Temple.
  4847 | D:7      | You fall into a shaft and drop 2 floors!
  4877 | D:9      | Noticed a troll
  4909 | D:9      | Killed a troll
  4910 | D:9      | Reached skill level 10 in Unarmed Combat
  4910 | D:9      | Reached XP level 9. HP: 48/75 MP: 8/8
  4971 | D:9      | Found Docwei's Antique Weapon Boutique.
  5079 | D:9      | Reached skill level 11 in Unarmed Combat
  5214 | D:9      | Noticed a gargoyle
  5226 | D:9      | Killed a gargoyle
  5367 | D:9      | Reached skill level 12 in Unarmed Combat
  5567 | D:8      | Noticed Erica
  5885 | D:7      | Lost mutation: You have a pair of small horns on your head.
                  | [potion of mutation]
  5885 | D:7      | Lost mutation: You heal very quickly. [potion of mutation]
  5885 | D:7      | Lost mutation: Your flesh is heat resistant. (rF+) [potion
                  | of mutation]
  5885 | D:7      | Gained mutation: You are clumsy. (Dex -2) [potion of
                  | mutation]
  5885 | D:7      | Gained mutation: Your spells are a little harder to cast,
                  | but a little more powerful. [potion of mutation]
  5886 | D:7      | Lost mutation: Your spells are a little harder to cast, but
                  | a little more powerful. [potion of mutation]
  5886 | D:7      | Lost mutation: You are clumsy. (Dex -2) [potion of
                  | mutation]
  5886 | D:7      | Gained mutation: You are vulnerable to heat. (rF-) [potion
                  | of mutation]
  5886 | D:7      | Gained mutation: You are partially covered in large bone
                  | plates. (SH +4) [potion of mutation]
  5973 | Temple   | Entered the Ecumenical Temple
  5997 | Temple   | Became a worshipper of Makhleb the Destroyer
  6160 | D:8      | Found Ziug's General Store.
  6194 | D:8      | Slain by Erica

Illustrated notes

Levels and vault maps discovered:
D:1:      lightli_iron_boxes, layout_basic, shapermc_ecumenical_altar_acropolis,
          minmay_unequal
D:2:      layout_rooms, chequers_serial_rivers_small_a, uniq_natasha
D:3:      layout_rooms, nicolae_concentric_dashed_squares_wild, hex_medium,
          uniq_sigmund
D:4:      layout_cave_pools, roderic_batcave, eino_tiny_chamber,
          nicolae_shop_unique_rings, kennysheep_boxes
D:5:      layout_loops_cross, trog_book, gup_sewer_entry_spiral,
          skrybe_limestone_x
D:6:      layout_loops_ring, serial_shops, shop
D:7:      layout_rooms, temple_fountains, uniq_duvessa
D:8:      layout_loops_ring, serial_shops, shop, uniq_erica
D:9:      layout_basic, serial_shops, shop
Temple:   nicolae_temple_bog_church

Skill      XL: |  1  2  3  4  5  6  7  8  9 |
---------------+----------------------------+-----
Unarmed Combat | 4 5 6 7 10 12 | 12.7
Shapeshifting  | 5 6 7 |  7.1
Fighting       | |  0.7
Dodging        | |  1.5

Action                     |  1- 3 |  4- 6 |  7- 9 || total
---------------------------+-------+-------+-------++-------
  Melee: Unarmed           |    93 |   116 |   298 ||   507
         Punch             |     4 |     5 |     3 ||    12
         Headbutt          |       |       |    25 ||    25
    Use: Scroll            |       |     4 |    12 ||    16
         Potion            |       |       |     8 ||     8
   Stab: Distracted        |     1 |       |       ||     1
         Sleeping          |       |     1 |       ||     1
 Armour: Animal skin       |    41 |    66 |   214 ||   321
         Troll leather arm |       |       |    63 ||    63
  Dodge: Dodged            |    29 |    45 |   185 ||   259
         Repelled          |       |       |     2 ||     2
  Block: Other             |       |       |     1 ||     1
   Form: Flux              |       |       |     1 ||     1

Table legend: (Time is in decaauts)
 A = Elapsed time spent in this place.
 B = Non-inter-level travel time spent in this place.
 C = Inter-level travel time spent in this place.
 D = Time resting spent in this place.
 E = Time spent auto-exploring this place.
 F = Levels seen in this place.
 G = Mean time per level.
                   A        B        C        D        E       F      G
               +--------+--------+--------+--------+--------+-----+--------+
         Total |   6138 |   5679 |    459 |    298 |   4114 |  11 |  558.0 |
       Dungeon |   5761 |   5324 |    437 |    298 |   3939 |   9 |  640.1 |
        Temple |     45 |     24 |     21 |      0 |      0 |   1 |   45.0 |
         Sewer |    330 |    330 |      0 |      0 |    175 |   1 |  330.0 |
               +--------+--------+--------+--------+--------+-----+--------+

Top non-repeatable levels by time:
     D:5: 908 daAuts
     D:1: 887 daAuts
     D:3: 819 daAuts
     D:4: 639 daAuts
     D:6: 632 daAuts
     D:9: 567 daAuts
     D:7: 494 daAuts
     D:2: 491 daAuts
   Sewer: 330 daAuts
     D:8: 320 daAuts
  Temple: 45 daAuts
